AoeStats
← Long John Silver

Oasis

507343851Analyzed
3v3 RM · 14d ago on Sep 17, 2026· 28m 36s· 6 players
Game mode
Random Map
Map size
Normal (6 player)
Population
200
Speed
Normal
Resources
Standard
Victory
Conquest
Starting age
Dark Age
Ending age
Imperial Age
RankedLock teamsTeams togetherTeam positionsShared explorationLock speedFull tech treeHidden civsTurbo modeCheats
Victory
Defeat
🇺🇸 Shu · United States
1368
+20
🇬🇧 Georgians · United Kingdom
1362
+20
🇬🇧 Wu · United Kingdom
1312
+22
🇨🇭 Ethiopians · Switzerland
1474
-22
🇩🇪 Koreans · Germany
1467
-21
🇨🇦 Celts · Canada
1408
-19
lorddoc
5:55 Loom
6:44 Loom
10:21 Feudal Age
12:32 Fletching
Paparoni
7:34 Loom
9:22 Loom
11:52 Feudal Age
13:09 Double-Bit Axe
13:18 Horse Collar
15:48 Castle Age
17:21 Bow Saw
17:17 Heavy Plow
22:49 Forging
22:39 Scale Mail Armor
23:05 Scale Mail Armor
23:13 Man-at-Arms
23:38 Gambesons
23:39 Arson
27:48 Pikeman
29:05 Iron Casting
28:45 Chain Mail Armor
Long John Silver
5:57 Loom
8:59 Feudal Age
11:58 Double-Bit Axe
21:01 Castle Age
19:23 Fletching
19:57 Horse Collar
20:07 Gold Mining
21:04 Crossbowman
21:58 Bodkin Arrow
23:30 Bow Saw
28:23 Town Watch
29:19 Wheelbarrow
TomAquinas
6:21 Loom
8:55 Feudal Age
13:36 Fletching
14:08 Double-Bit Axe
22:06 Castle Age
20:53 Padded Archer Armor
20:53 Gold Mining
22:09 Crossbowman
22:45 Bodkin Arrow
25:12 Ballistics
hooplah
9:30 Feudal Age
10:27 Double-Bit Axe
10:31 Horse Collar
12:36 Loom
16:51 Scale Barding Armor
20:56 Castle Age
20:23 Bloodlines
21:28 Forging
21:16 Light Cavalry
22:48 Bow Saw
25:18 Chain Barding Armor
26:50 Iron Casting
llamalarm
8:54 Loom
10:42 Feudal Age
14:53 Castle Age
15:03 Double-Bit Axe
15:58 Scale Mail Armor
19:34 Squires
20:00 Chain Mail Armor
20:39 Squires
22:40 Horse Collar
27:32 Wheelbarrow
28:52 Gold Mining
Connection lost

Rejoining the realm…

Still unreachable

The connection could not be restored.

Session expired

The server has moved on; the page needs a fresh start.